 Dungeon Crawl Stone Soup version 0.31.0-11-ge490571c62 (webtiles) character file.

Game seed: 16329219150668190558

7753 SnakkuSnakku7 the Cleaver (level 11, -5/76 HPs)
             Began as a Mummy Alchemist on Jan 27, 2024.
             Was a High Priest of Okawaru.
             Killed by the air
             ... invoked by a blizzard demon
              (8 damage)
             ... on level 2 of the Abyss.
             The game lasted 00:16:47 (11173 turns).

SnakkuSnakku7 the Cleaver (Mummy Alchemist)        Turns: 11173, Time: 00:16:48

Health: -5/76      AC: 17    Str: 16    XL:     11   Next: 0%
Magic:  14/15      EV:  6    Int: 18    God:    Okawaru [*****.]
Gold:   1227       SH:  0    Dex: 12    Spells: 15/15 levels left

rFire   . . .        b - +0 broad axe
rCold   + + .        (no shield)
rNeg    + + +        z - +0 plate armour
rPois   ∞            q - +1 helmet {Int+3}
rElec   .            n - +0 cloak
rCorr   .            (no gloves)
SInv    .            u - +1 pair of boots "Ihestot" {Rampage rC+}
Will    +....        (no amulet) Stlth
                     k - +4 ring of slaying
HPRegen 0.32/turn    j - ring of protection from fire
MPRegen 0.14/turn

%: rampage, faith
@: heroic
A: cold resistance 1, negative energy resistance 3, torment resistance 2, heat
vulnerability 1, in touch with death 1, no potions, faith
a: Renounce Religion, Heroism, Finesse, Duel


You were on level 2 of the Abyss.
You worshipped Okawaru.
Okawaru was extremely pleased with you.
You visited 2 branches of the dungeon, and saw 9 of its levels.
You visited the Abyss 1 time.
You also visited: Bailey.

You collected 1227 gold pieces.

Inventory:

Hand Weapons
 a - a +1 trident of venom
 b - a +0 broad axe (weapon)
 i - a +2 whip of venom
 y - a +4 hand axe
Missiles
 m - 25 poisoned darts (quivered)
 t - 2 curare-tipped darts
Armour
 g - a +0 kite shield
 n - a +0 cloak (worn)
 q - a +1 helmet of intelligence (worn)
 u - the +1 pair of boots "Ihestot" (worn) {Rampage rC+}
   (You found it on level 5 of the Dungeon)

   rC+:       It protects you from cold.
   Rampage:   It bestows one free step when moving towards enemies.
 z - a +0 plate armour (worn)
Jewellery
 j - a ring of protection from fire (right hand)
 k - a +4 ring of slaying (left hand)
 o - a +6 ring of dexterity
Wands
 c - a wand of iceblast (17)
 v - a wand of polymorph (6)
 w - a wand of flame (24)
Scrolls
 e - a scroll of silence {unknown}
 f - a scroll of teleportation {unknown}
 h - a scroll of immolation {unknown}
 l - 2 scrolls of poison {unknown}
 p - a scroll of butterflies {unknown}
 r - a scroll of noise
 s - a scroll of enchant armour {unknown}
 x - 4 scrolls of enchant weapon


   Skills:
 - Level 3.7(8.7) Fighting
 - Level 12.4(17.4) Axes
 - Level 1.5(6.5) Dodging
 - Level 1.5(6.5) Stealth
 + Level 5.8(10.8) Shields
 - Level 2.6 Spellcasting
 - Level 0.7 Conjurations
 - Level 2.4 Alchemy


You had 15 spell levels left.
You didn't know any spells.
Your spell library contained the following spells:

 Spells                   Type           Power      Damage    Failure   Level
 Sting                    Conj/Alch      32%        1d5       99%         1
 Mercury Vapours          Alch/Air       12%        N/A       100%        2
 Gell's Gravitas          Tloc           2%         N/A       100%        3
 Mephitic Cloud           Conj/Alch/Air  6%         N/A       100%        3
 Teleport Other           Tloc           2%         N/A       100%        3
 Anguish                  Hex/Necr       1%         N/A       100%        4
 Olgreb's Toxic Radiance  Alch           11%        N/A       100%        4
 Sticky Flame             Fire/Alch      6%         2d4       100%        4
 Vhi's Electric Charge    Tloc/Air       4%         N/A       100%        4
 Freezing Cloud           Conj/Ice/Air   1%         6-21      100%        5
 Dispersal                Tloc           1%         N/A       100%        6
 Haunt                    Necr/Summ      Unusable   N/A       N/A         7

Dungeon Overview and Level Annotations

Branches:
Dungeon (8/15)             Temple (1/1) D:5          Bailey (visited)
   Lair: D:8-11

Altars:
Ashenzari
Cheibriados
Dithmenos
Fedhas
Gozag
Hepliaklqana
Kikubaaqudgha
Makhleb
Nemelex Xobeh
Okawaru
Qazlal
Ru
Sif Muna
Trog
Uskayaw
Vehumet
Wu Jian
Xom
Yredelemnul

Shops:
D:1 :

Annotations:
D:8 Psyche


Innate Abilities, Weirdness & Mutations

You are immune to poison.
Your flesh is cold resistant. (rC+)
You are immune to negative energy. (rN+++)
You are immune to unholy pain and torment.
You are vulnerable to heat. (rF-)
You are in touch with the powers of death.
You do not drink.
You have a special connection with the divine. (Faith)


Message History

You closely miss the thrashing horror.
The thrashing horror tramples you but does no damage. x2
You hit the thrashing horror but do no damage.
The thrashing horror closely misses you.
The thrashing horror tramples you but does no damage. x3
You slash the thrashing horror!
The thrashing horror is lightly damaged.
You slash the thrashing horror!
The thrashing horror is heavily damaged.
The thrashing horror tramples you but does no damage.
The thrashing horror tramples you!
You hold your ground!
A blizzard demon and a flayed ghost come into view.
The blizzard demon shouts!
A thrashing horror comes into view.
You barely miss the thrashing horror.
The thrashing horror is heavily damaged.
The thrashing horror roars!
The thrashing horror barely misses you. The thrashing horror tramples you.
You hold your ground!
The thrashing horror tramples you but does no damage.
The thrashing horror tramples you.
* * * LOW HITPOINT WARNING * * *
You hold your ground!
You hit the thrashing horror.
The thrashing horror is heavily damaged.
You hit the thrashing horror.
The thrashing horror tramples you but does no damage.
The thrashing horror tramples you.
* * * LOW HITPOINT WARNING * * *
You hold your ground!
The thrashing horror tramples you!
* * * LOW HITPOINT WARNING * * *
You hold your ground!
The thrashing horror tramples you but does no damage.
The thrashing horror closely misses you.
The thrashing horror tramples you but does no damage.
Unknown command.
The thrashing horror tramples you but does no damage. x2
The blizzard demon waves its arms in wide circles.
The air twists around and strikes you!
You die...

## ## .. .W
#. .# #.#.##
# .2..# .
...# . ##..#
#.# ##.X.#
#.#....##@.#
..#....X###
#....###
#..##. .# .
#.##.# # .#
# ##..#.## #
....##.#.#..
# . .#...
..# #...
#......#


You could see a blizzard demon, a flayed ghost and 2 thrashing horrors.

Vanquished Creatures
  A two-headed ogre (D:8)
  2 orc high priests (Bailey)
  An orc knight (Bailey)
  Joseph (D:8)
  An ancient zyme (Abyss:2)
  A hornet (D:7)
  A wyvern (D:7)
  A steam dragon (D:7)
  A water moccasin (D:7)
  11 orc warriors (Bailey)
  4 ice beasts (D:6)
  A sky beast (D:6)
  An ogre (D:5)
  2 centaurs
  2 phantoms
  A weeping skull (Abyss:2)
  A gnoll sergeant (D:7)
  4 kobold brigands
  2 bullfrogs
  3 scorpions
  2 small abominations (Abyss:2)
  9 wights
  A burial acolyte (D:6)
  A howler monkey (D:8)
  4 electric eels (Bailey)
  2 gnoll boudas
  A hound (D:5)
  3 orc priests
  5 jellies
  4 iguanas
  Terence (D:3)
  4 orc wizards
  2 hound zombies (D:4)
  3 hound skeletons (D:4)
  17 gnolls
  7 adders
  A white imp (D:7)
  4 ufetubi
  2 adder zombies (D:6)
  3 dart slugs
  3 ribbon worms
  25 orcs
  7 ball pythons
  12 endoplasms
  3 giant cockroaches
  13 goblins
  8 hobgoblins
  8 jackals
  17 kobolds
  2 quokkas
  9 bats
  A quokka skeleton (D:4)
  3 rats
229 creatures vanquished.

Notes
Turn   | Place    | Note
-------+----------+-------------------------------------------
     0 | D:1      | SnakkuSnakku7 the Mummy Alchemist began the quest for the
                  | Orb.
     0 | D:1      | Reached XP level 1. HP: 13/13 MP: 4/4
    46 | D:1      | Reached skill level 1 in Fighting
    80 | D:1      | Reached XP level 2. HP: 21/22 MP: 1/5
   460 | D:1      | Found a transporter.
   470 | D:1      | Found Exeaxtou's Book Boutique.
   472 | D:1      | Found a transporter.
   532 | D:1      | Reached XP level 3. HP: 28/28 MP: 7/7
  1409 | D:2      | Reached XP level 4. HP: 27/37 MP: 8/8
  2255 | D:3      | Reached skill level 1 in Axes
  2618 | D:3      | Noticed Terence
  2730 | D:4      | Noticed a scorpion
  2749 | D:4      | Killed a scorpion
  2750 | D:4      | Reached skill level 2 in Axes
  2750 | D:4      | Reached XP level 5. HP: 21/42 MP: 9/9
  2932 | D:4      | Reached skill level 3 in Axes
  3181 | D:4      | Reached XP level 6. HP: 48/48 MP: 10/10
  3736 | D:4      | Reached skill level 4 in Axes
  4270 | D:3      | Killed Terence
  4435 | D:3      | Reached skill level 5 in Axes
  4435 | D:3      | Reached XP level 7. HP: 26/53 MP: 11/11
  4737 | D:5      | Entered Level 5 of the Dungeon
  4763 | D:5      | Identified the +1 pair of boots "Ihestot" {Rampage rC+}
  5112 | D:5      | Found a hide-covered altar of Uskayaw.
  5113 | D:5      | Noticed a +0 hand axe
  5113 | D:5      | Noticed a +0 hand axe
  5142 | D:5      | Reached skill level 6 in Axes
  5460 | D:5      | Found a staircase to the Ecumenical Temple.
  5481 | D:5      | Found a shadowy altar of Dithmenos.
  5488 | D:5      | Found a snail-covered altar of Cheibriados.
  5488 | D:5      | Found a broken altar of Ashenzari.
  5489 | D:5      | Found a sparkling altar of Nemelex Xobeh.
  5519 | Temple   | Entered the Ecumenical Temple
  5535 | Temple   | Became a worshipper of Warmaster Okawaru
  5567 | D:5      | Identified the +4 short sword of Hospitality {heavy,
                  | ^Fragile rF++ Int+2 SInv}
  5763 | D:6      | Reached skill level 7 in Axes
  5763 | D:6      | Reached XP level 8. HP: 51/60 MP: 12/12
  5789 | D:6      | Reached * piety under Okawaru
  5926 | D:6      | HP: 1/60 [acid (8)]
  6185 | D:6      | Reached skill level 8 in Axes
  6214 | D:6      | Reached ** piety under Okawaru
  6496 | D:6      | Found an ancient bone altar of Kikubaaqudgha.
  6594 | D:6      | Reached skill level 9 in Axes
  6821 | D:7      | Found a flagged portal.
  6901 | D:7      | Reached XP level 9. HP: 49/65 MP: 13/13
  6976 | Bailey   | Entered a bailey
  7009 | Bailey   | HP: 2/65 [orc warrior/+0 broad axe (6)]
  7277 | Bailey   | Reached *** piety under Okawaru
  7395 | Bailey   | Reached skill level 10 in Axes
  7669 | Bailey   | Noticed an orc high priest
  7681 | Bailey   | Noticed a sixfirhy
  7687 | Bailey   | Killed an orc high priest
  7687 | Bailey   | Reached **** piety under Okawaru
  7873 | Bailey   | Acquired 750 gold pieces
  7905 | Bailey   | Reached skill level 11 in Axes
  8498 | Bailey   | Found an iron altar of Okawaru.
  8498 | Bailey   | Noticed an orc high priest
  8498 | Bailey   | Noticed an orc knight
  8501 | Bailey   | Noticed an orange demon
  8562 | Bailey   | Reached ***** piety under Okawaru
  8591 | Bailey   | Killed an orc knight
  8592 | Bailey   | Reached XP level 10. HP: 20/71 MP: 14/14
  8817 | Bailey   | Noticed a sixfirhy
  8827 | Bailey   | Noticed an orange demon
  8827 | Bailey   | Killed an orc high priest
  8828 | Bailey   | Reached skill level 12 in Axes
  9357 | D:7      | Identified the +0 hand axe of Corruption {heavy, ^Drain
                  | Will+ Int+2 SInv}
  9498 | D:7      | Received a gift from Okawaru
  9499 | D:7      | Reached skill level 1 in Shields
  9608 | D:7      | HP: 3/71 [water moccasin (1)]
  9962 | D:8      | Got the Omnibus of Dark Thunder
  9988 | D:8      | Noticed a two-headed ogre
 10014 | D:8      | Killed a two-headed ogre
 10238 | D:8      | Noticed Joseph
 10260 | D:8      | Killed Joseph
 10261 | D:8      | Reached skill level 5 in Shields
 10572 | D:8      | Found a stormy altar of Qazlal.
 10572 | D:8      | Found a sparkling altar of Nemelex Xobeh.
 10572 | D:8      | Found an ornate altar of the Wu Jian Council.
 10572 | D:8      | Found a shimmering blue altar of Sif Muna.
 10572 | D:8      | Found a sparkling altar of Nemelex Xobeh.
 10572 | D:8      | Found a hide-covered altar of Uskayaw.
 10819 | D:8      | Noticed Psyche
 10827 | Abyss:2  | Cast into level 2 of the Abyss (Psyche)
 10852 | Abyss:2  | Found a corrupted altar of Lugonu.
 10859 | Abyss:2  | Found a corrupted altar of Lugonu.
 10859 | Abyss:2  | Found a corrupted altar of Lugonu.
 11148 | Abyss:2  | Reached XP level 11. HP: 52/76 MP: 15/15
 11157 | Abyss:2  | Noticed a thrashing horror
 11169 | Abyss:2  | Noticed a blizzard demon
 11169 | Abyss:2  | Noticed a flayed ghost
 11169 | Abyss:2  | Noticed a thrashing horror
 11172 | Abyss:2  | HP: 3/76 [thrashing horror (10)]
 11173 | Abyss:2  | Killed from afar by a blizzard demon

Illustrated notes

Levels and vault maps discovered:
D:1:      minmay_arrival_four_loops, layout_loops_corners, serial_shops,
          nicolae_shop_drivethru, st_stairs_8
D:2:      layout_loops_ring, minmay_misc_feat_chi, grunt_ministairs_2
D:3:      layout_loops_corners, kennysheep_generic_room_10, uniq_terence
D:4:      layout_basic, serial_undead, serial_undead_a, serial_undead_e,
          serial_undead_e, serial_undead_f
D:5:      layout_cave_pods, dancing_weapons_uskayaw, minitemple,
          minmay_temple_entry_hall
D:6:      hangedman_cross_stitches, layout_rooms,
          lemuel_zombie_altar_kikubaaqudgha
D:7:      layout_rooms, enter_bailey_5, hangedman_decor_riveting
D:8:      cheibrodos_fertilizer, layout_rooms, uniq_psyche, uniq_joseph
Temple:   nicolae_temple_bog_church
Abyss:2:  base:
D:5

Skill      XL: |  1  2  3  4  5  6  7  8  9 10 |
---------------+-------------------------------+-----
Fighting       | 1 2 3 |  3.7
Axes           | 2 3 5 7 9 11 12 | 12.4
Shields        | 5 |  5.8
Dodging        | |  1.5
Stealth        | |  1.5
Spellcasting   | |  2.6
Conjurations   | |  0.7
Alchemy        | |  2.4

Action                     |  1- 3 |  4- 6 |  7- 9 | 10-12 || total
---------------------------+-------+-------+-------+-------++-------
  Melee: Whip              |    11 |    91 |   364 |    68 ||   534
         Mace              |    48 |       |       |       ||    48
         Trident           |    94 |   109 |       |   156 ||   359
         Punch             |     1 |     1 |     7 |     8 ||    17
         Hand axe          |       |    12 |       |       ||    12
         Broad axe         |       |       |       |    14 ||    14
  Throw: Dart              |       |     3 |     4 |     4 ||    11
   Cast: Sting             |     8 |       |       |       ||     8
 Invoke: Heroism           |       |       |     3 |     4 ||     7
  Evoke: Wand              |       |       |     9 |     4 ||    13
    Use: Scroll            |       |       |     3 |     1 ||     4
   Stab: Sleeping          |     5 |       |       |       ||     5
 Armour: Robe              |    37 |       |       |       ||    37
         Ring mail         |    71 |    14 |       |       ||    85
         Chain mail        |       |   167 |   339 |       ||   506
         Plate armour      |       |       |    22 |   217 ||   239
  Dodge: Dodged            |   113 |    51 |   111 |    23 ||   298
